 Dungeon Crawl Stone Soup version 0.28-a0-407-g69098e2f6d (webtiles) character file.

Game seed: 17886793691899147252

81 dolemite99 the Chopper (level 4, 0/39 HPs)
             Began as a Hill Orc Fighter on Sept 5, 2021.
             Slain by a crimson imp (1 damage)
             ... summoned by Natasha
             ... on level 2 of the Dungeon.
             The game lasted 00:01:28 (1767 turns).

dolemite99 the Chopper (Hill Orc Fighter)           Turns: 1767, Time: 00:01:28

Health: 0/39       AC:  6    Str: 19    XL:     4   Next: 42%
Magic:  4/4        EV:  9    Int:  8    God:
Gold:   23         SH:  4    Dex: 10    Spells: 3/3 levels left

rFire   . . .      SeeInvis .   a - +0 war axe
rCold   . . .      Faith    .   c - +0 buckler
rNeg    . . .      Spirit   .   b - +0 scale mail
rPois   .          Reflect  .   (no helmet)
rElec   .          Harm     .   (no cloak)
rCorr   .          Rampage  .   (no gloves)
Will    .....                   (no boots)
Stlth   ..........              (no amulet)
HPRegen 0.13/turn               (no ring)
MPRegen 0.09/turn               (no ring)

@: mighty
A: no striking features
a: no special abilities


You were on level 2 of the Dungeon.
You visited 1 branch of the dungeon, and saw 2 of its levels.

You collected 23 gold pieces.

Inventory:

Hand Weapons
 a - a +0 war axe (weapon)
 f - a +0 hunting sling
Armour
 b - a +0 scale mail (worn)
 c - a +0 buckler (worn)
Scrolls
 e - 2 scrolls of identify {unknown}
 g - a scroll of teleportation {unknown}
 h - a scroll of holy word {unknown}


   Skills:
 - Level 3.6 Fighting
 + Level 6.0 Axes
 - Level 3.2 Armour
 - Level 3.2 Shields


You had 3 spell levels left.
You didn't know any spells.
Your spell library contained the following spells:

 Spells                   Type           Power      Damage    Failure   Level
 Corpse Rot               Necr/Air       N/A        N/A       91%         2
 Dispel Undead            Necr           0%         3d6       100%        4
 Death Channel            Necr           0%         N/A       100%        6


Dungeon Overview and Level Annotations

Branches:
Dungeon (2/15)

Altars:

Shops:
D:1 (*

Annotations:
D:2 Natasha, Robin


Message History

The goblin shoots a stone.
The stone hits you but does no damage.
A goblin comes into view. It is wielding a +0 dagger.
You closely miss the goblin. You hit the white imp.
You block the white imp's attack.
A hobgoblin comes into view.
You block the goblin's attack.
The goblin shoots a stone.
The stone barely misses you.
Robin of the Strong Arm comes into view.
They are wielding a +0 dagger.
You hit the white imp.
The white imp is heavily wounded.
You slash the goblin!
You kill the goblin!
The white imp hits you but does no damage.
The goblin shoots a stone.
The stone hits you but does no damage. The white imp gestures at you.
The puff of frost hits you!
* * * LOW HITPOINT WARNING * * *
The crimson imp blinks!
You slash the white imp!
You kill the white imp!
The white imp disappears in a puff of smoke!
You slash the goblin!
You kill the goblin!
The goblin shoots a stone.
The stone hits you.
* * * LOW HITPOINT WARNING * * *
The goblin hits you but does no damage.
You aren't carrying any potions.
The goblin shoots a stone.
The stone hits you.
* * * LOW HITPOINT WARNING * * *
Robin roars a battlecry!
The goblins go into a battle-frenzy!
The goblin shoots a stone.
The stone hits you.
* * * LOW HITPOINT WARNING * * *
Robin throws the goblin at you! The goblin barely misses you.
The goblin shoots a stone.
The stone hits you.
* * * LOW HITPOINT WARNING * * *
The goblin unwields a +0 dagger.
The goblin wields a +0 hunting sling.
The goblin shoots a stone.
The stone closely misses you. The crimson imp hits you.
You die...

..........####........
..#....................
#......................
.........#............
..#.####.##............
..gg.ghg.##......##.###
S.#.h§g)###......# .#
##.##g##.....#..# # .h
#.#@5....##....
..##..#.g.###.## ##.# .
#Sg..g###.## .####
###.#...#..####......
#...##.##...........
#.#.................
#.####............# ..
#............### ..#
#......>........


You could see a crimson imp (summoned), an adder and 3 goblins.

Vanquished Creatures
  Natasha (D:2)
  A worm (D:2)
  2 dart slugs (D:1)
  4 ball pythons (D:1)
  4 endoplasms (D:1)
  3 giant cockroaches (D:1)
  3 goblins
  3 hobgoblins
  12 jackals (D:1)
  3 kobolds (D:1)
  A quokka (D:2)
  2 bats (D:1)
  A frilled lizard (D:1)
  A rat (D:1)
41 creatures vanquished.

Notes
Turn   | Place    | Note
-------+----------+-------------------------------------------
     0 | D:1      | dolemite99 the Hill Orc Fighter began the quest for the
                  | Orb.
     0 | D:1      | Reached XP level 1. HP: 19/19 MP: 1/1
    12 | D:1      | Reached skill level 3 in Axes
    19 | D:1      | Reached XP level 2. HP: 23/26 MP: 2/2
    69 | D:1      | Reached skill level 4 in Axes
   464 | D:1      | Reached XP level 3. HP: 31/31 MP: 3/3
   651 | D:1      | Reached skill level 5 in Axes
   924 | D:1      | Found Ver Hysa's Assorted Antiques.
  1011 | D:1      | Found Wiko Taj's Weapon Emporium.
  1304 | D:2      | Noticed Natasha
  1317 | D:2      | Killed Natasha
  1318 | D:2      | Reached skill level 6 in Axes
  1318 | D:2      | Reached XP level 4. HP: 10/39 MP: 4/4
  1750 | D:2      | Noticed Natasha
  1762 | D:2      | Noticed Robin
  1767 | D:2      | HP: 1/39 [goblin/stone[Robin] (2)]
  1767 | D:2      | Slain by a crimson imp

Illustrated notes

Levels and vault maps discovered:
D:1:      erik_arrival_blinker_ship, layout_rooms, serial_shops,
          nicolae_square_shop, nicolae_lakefront_shop
D:2:      layout_rooms, serial_shops, nicolae_shop_overgrown_old_shop,
          kennysheep_small_spiral, uniq_robin, uniq_natasha

Skill      XL: |  1  2  3 |
---------------+----------+-----
Axes           | 3 4 6 |  6.0
Fighting       | |  3.6
Armour         | |  3.2
Shields        | |  3.2

Action                   |  1- 3 |  4- 6 || total
-------------------------+-------+-------++-------
Melee: War axe           |   106 |     7 ||   113
  Use: Potion            |     1 |     1 ||     2
Armor: Scale mail        |    48 |     7 ||    55
Dodge: Dodged            |    53 |     9 ||    62
Block: Buckler           |    24 |     5 ||    29

Table legend: (Time is in decaauts)
 A = Elapsed time spent in this place.
 B = Non-inter-level travel time spent in this place.
 C = Inter-level travel time spent in this place.
 D = Time resting spent in this place.
 E = Time spent auto-exploring this place.
 F = Levels seen in this place.
 G = Mean time per level.
                   A        B        C        D        E       F      G
               +--------+--------+--------+--------+--------+-----+--------+
         Total |   1798 |   1780 |     18 |   1125 |    353 |   2 |  899.0 |
       Dungeon |   1798 |   1780 |     18 |   1125 |    353 |   2 |  899.0 |
               +--------+--------+--------+--------+--------+-----+--------+

Top non-repeatable levels by time:
     D:1: 1096 daAuts
     D:2: 701 daAuts
